 Dungeon Crawl Stone Soup version 0.27-a0-1081-ge8a0a9c698 (webtiles) character file.

Game seed: 16468073201555283848

55 gimp the Shield-Bearer (level 3, 0/46 HPs)
             Began as a Djinni Fighter on Apr 25, 2021.
             Slain by Natasha (6 damage)
             ... on level 2 of the Dungeon.
             The game lasted 00:01:49 (1670 turns).

gimp the Shield-Bearer (Djinni Fighter)             Turns: 1670, Time: 00:01:49

Health: 0/46       AC: 21    Str: 16    XL:     3   Next: 93%
Gold:   25         EV:  2    Int:  9    God:
                   SH:  9    Dex: 12

rFire    + . .     SeeInvis .   a - +0 war axe
rCold    + . .     Faith    .   c - +0 kite shield
rNeg     + + +     Spirit   .   (armour currently unavailable)
rPois    ∞         Reflect  .   (helmet currently unavailable)
rElec    +         Harm     .   (cloak currently unavailable)
rCorr    +         Rampage  .   (gloves currently unavailable)
Will     .....     NoTele   +   (boots unavailable)
Stlth    +.........             (no amulet)
HPRegen  0.15/turn              g - +4 ring of evasion
MPRegen  0.00/turn              (no ring)

@: mighty, tree-form, resistant
A: stationary, stasis, torment immunity, boosted hp, (fire resistance 2), (cold
vulnerability 1), float, innate caster, hp casting, extra vitality 1
a: no special abilities


You were on level 2 of the Dungeon.
You were a tree.
You visited 1 branch of the dungeon, and saw 2 of its levels.

You collected 25 gold pieces.

Inventory:

Hand Weapons
 a - a +0 war axe (weapon)
Missiles
 h - 8 javelins (quivered)
Armour
 b - a +0 scale mail (melded)
 c - a +0 kite shield (worn)
Jewellery
 g - a +4 ring of evasion (left branch)
Scrolls
 i - a scroll of fear {unknown}
 j - a scroll of noise {unknown}
Potions
 e - a potion of resistance
 f - a potion of lignification


   Skills:
 + Level 3.9 Fighting
 - Level 1.5 Axes
 - Level 3.0 Armour
 + Level 3.9 Shields


You had one spell level left.
You knew the following spells:

 Your Spells              Type           Power      Damage    Failure   Level
a - Beastly Appendage     Tmut           0%         N/A       86%         1
Your spell library was empty.

Dungeon Overview and Level Annotations

Branches:
Dungeon (2/15)

Altars:

Annotations:
D:2 Natasha


Innate Abilities, Weirdness & Mutations

You are a tree.
Your roots penetrate the ground, keeping you stationary.
You cannot be teleported.
You are immune to unholy pain and torment.
Your maximum health is greatly increased.
Your equipment is partially melded.
You are immune to poison.
((Your flesh is very heat resistant. (rF++)))
((You are vulnerable to cold. (rC-)))
You float through the air rather than walking.
You learn spells naturally, not from books.
Your magical power is your life essence.
You have superior vitality. (+4 HP)


Message History

There is a stone staircase leading down here.
Okay, then.
Natasha barely misses you. The white imp gestures at you.
The puff of frost hits you!
You feel a terrible chill! You block Natasha's attack.
You take 9 damage, and have 22/31 hp.
MASSIVE DAMAGE!!
Natasha casts a spell at you. The magic dart hits you.
You take 5 damage, and have 17/31 hp.
Natasha casts a spell at you.
The magic dart hits you but does no damage.
Natasha casts a spell at you.
The magic dart hits you but does no damage.
Natasha casts a spell at you. The magic dart hits you.
You take 5 damage, and have 12/31 hp.
The crimson imp disappears in a puff of smoke!
Natasha stares at you and mumbles some strange words.
The magic dart hits you!
* * * LOW HITPOINT WARNING * * *
You take 10 damage, and have 3/31 hp.
MASSIVE DAMAGE!!
Natasha mumbles some strange words.
It was a potion of resistance.
You feel protected.
It was a potion of lignification.
You turn into a tree.
Your +0 scale mail melds into your body.
Your roots penetrate the ground.
You now have 5/46 hp.
You aren't carrying any items that you can evoke.
Unknown command.
Okay, then.
Okay, then.
You feel very mighty all of a sudden. You block Natasha's attack.
You barely miss Natasha. You block Natasha's attack.
You closely miss Natasha.
The crimson imp grinds its teeth.
Natasha claws you.
You die...

................_#.#
.##...........⌠..#5#
................#.###
........#........#h..#
.....#..#........#...#
...#......†.#.####.###
..####.......## #.#
##.#######.....###.#
....##...#......♣h5#
.......(..###.#....#
...........##.#....#
...........##.#....#
...........# ######
........####
#.)†##..#8###8#
###.###........
...........(...


You could see Natasha and a crimson imp (summoned).

Vanquished Creatures
  An adder (D:2)
  5 endoplasms (D:1)
  3 giant cockroaches
  A hobgoblin (D:1)
  10 jackals
  2 kobolds
  A quokka (D:1)
  5 ball pythons
  5 bats (D:1)
  A frilled lizard (D:1)
  5 goblins (D:1)
  3 rats (D:1)
42 creatures vanquished.

Notes
Turn   | Place    | Note
-------+----------+-------------------------------------------
     0 | D:1      | gimp the Djinni Fighter began the quest for the Orb.
     0 | D:1      | Reached XP level 1. HP: 20/20 MP: 0/0
   487 | D:1      | Reached XP level 2. HP: 25/25 MP: 0/0
   910 | D:1      | Reached XP level 3. HP: 28/30 MP: 0/0
   910 | D:1      | Learned a level 1 spell: Beastly Appendage
  1560 | D:2      | Found a faded altar of an unknown god.
  1638 | D:2      | Noticed Natasha
  1670 | D:2      | Slain by Natasha

Illustrated notes

Levels and vault maps discovered:
D:1:      sevenhm_arrival_forest_fort_large_2, layout_basic, st_stairs_13
D:2:      layout_rooms, ebering_ecumenical_altar_abandoned, serial_shops,
          shop_fountains, basic_altar, serial_corexii_hall,
          corexii_hall_statues_s, corexii_hall_statues_x, serial_park_tiny_1,
          minmay_tripent, uniq_natasha

Action                   || total
-------------------------++-------
Melee: War axe           ||   132
Throw: Javelin           ||     1
  Use: Potion            ||     3
Armor: Scale mail        ||    83
Dodge: Dodged            ||    77
Block: Kite shield       ||    86

Table legend: (Time is in decaauts)
 A = Elapsed time spent in this place.
 B = Non-inter-level travel time spent in this place.
 C = Inter-level travel time spent in this place.
 D = Time resting spent in this place.
 E = Time spent auto-exploring this place.
 F = Levels seen in this place.
 G = Mean time per level.
                   A        B        C        D        E       F      G
               +--------+--------+--------+--------+--------+-----+--------+
         Total |   1755 |   1683 |     72 |      0 |   1310 |   2 |  877.5 |
       Dungeon |   1755 |   1683 |     72 |      0 |   1310 |   2 |  877.5 |
               +--------+--------+--------+--------+--------+-----+--------+

Top non-repeatable levels by time:
     D:1: 1542 daAuts
     D:2: 213 daAuts
